 Dungeon Crawl Stone Soup version 0.26-a0-712-ga5a9c9c9d0 (webtiles) character file.

Game seed: 5530110548731048856

149 kae the Changer (level 5, -4/44 HPs)
             Began as a Naga Transmuter on Nov 4, 2020.
             Slain by a gnoll (5 damage)
             ... on level 3 of the Dungeon.
             The game lasted 00:02:44 (4121 turns).

kae the Changer (Naga Transmuter)                   Turns: 4121, Time: 00:02:44

Health: -4/44      AC:  2    Str: 13    XL:     5   Next: 31%
Magic:  6/8        EV: 19    Int: 14    God:
Gold:   134        SH:  0    Dex: 16    Spells: 4/8 levels left

rFire    . . .     SeeInvis +     - Unarmed
rCold    . . .     Faith    .   (shield currently unavailable)
rNeg     . . .     Spirit   .   (armour currently unavailable)
rPois    x         Reflect  .   (helmet currently unavailable)
rElec    .         Harm     .   (cloak currently unavailable)
rCorr    .         Rampage  .   (gloves currently unavailable)
MR       .....                  (no barding)
Stlth    +.........             (no amulet)
HPRegen  0.14/turn              i - ring of wizardry (curse)
MPRegen  0.11/turn              (no ring)

@: spider-form (expiring)
A: tiny, see invisible, spit poison 1, AC +1
a: Spit Poison, End Transformation


You were on level 3 of the Dungeon.
You were a venomous arachnid creature.
You visited 1 branch of the dungeon, and saw 3 of its levels.

You collected 134 gold pieces.

Inventory:

Armour
 a - a +0 robe (melded)
 h - a +0 pair of gloves (melded)
Jewellery
 i - a cursed ring of wizardry (left front leg)
Wands
 k - a wand of digging (5)
Scrolls
 d - 4 scrolls of remove curse
 e - a scroll of amnesia
 j - a scroll of identify
Potions
 b - a potion of magic
 c - a potion of might


   Skills:
 - Level 1.0 Fighting
 - Level 1.5 Dodging
 + Level 3.8 Unarmed Combat
 - Level 2.0 Spellcasting
 * Level 4.0 Transmutations
 - Level 3.0 Poison Magic


You had 4 spell levels left.
You knew the following spells:

 Your Spells              Type           Power        Failure   Level
a - Beastly Appendage     Tmut           ##....       6%          1
b - Spider Form           Tmut/Pois      ##........   16%         3

Your spell library contained the following spells:

 Spells                   Type           Power        Failure   Level
 Wereblood                Tmut           ##......     8%          2
 Ice Form                 Ice/Tmut       #.......     54%         4
 Blade Hands              Tmut           ##........   58%         5


Dungeon Overview and Level Annotations

Branches:
Dungeon (3/15)

Altars:
Kikubaaqudgha
Okawaru
Sif Muna
Uskayaw


Innate Abilities, Weirdness & Mutations

You cannot wear boots.
((Your serpentine skin is tough. (AC +1)))
You have supernaturally acute eyesight. (SInv)
((Armour fits poorly on your strangely shaped body.))
((Your system is resistant to poisons. (rPois)))
((You cover ground very slowly.))
You can spit poison.


Message History

The gnoll is lightly wounded.
The gnoll hits you. The gnoll misses you.
You hit the gnoll.
The gnoll is poisoned.
The gnoll is heavily wounded.
The gnoll completely misses you. The gnoll hits you with a +0 spear.
* * * LOW HITPOINT WARNING * * *
You barely miss the gnoll.
The gnoll is almost dead.
You kill the gnoll!
Training target 3.0 for Poison Magic reached!
Your Transmutations skill increases to level 4!
Your Poison Magic skill increases to level 3!
The gnoll hits you!
* * * LOW HITPOINT WARNING * * *
Okay, then.
Okay, then.
You hit the gnoll.
The gnoll is poisoned.
The gnoll is moderately wounded.
The gnoll hits you.
You die...

..............# #.##.#.#####.
#######.......#######.##.#.......
#................#.######..
######.########..#......#.. #.###
#..######.#.. #...######..# #.#..
###.##......# #....
##############.##.####.##########
..........).†...s)...............
............†..g.................
##.###########..#.##.#.###.....##
#.# #<.#.##.#(# #.....# #.#
**##.#.##.#.###.....# #.#
*,,..#....#.........##
#.#########,*###########.##..#..
#..........,,* #.##..#..
##..........,,* #.##..#..


You could see a gnoll (very poisoned).

Vanquished Creatures
  5 gnolls
  3 adders
  2 worms
  3 dart slugs
  A leopard gecko (D:1)
  3 orcs
  5 giant cockroaches
  7 goblins
  6 hobgoblins
  4 jackals
  2 kobolds
  8 bats
  2 frilled lizards
  5 rats
56 creatures vanquished.

Notes
Turn   | Place    | Note
-------+----------+-------------------------------------------
     0 | D:1      | kae the Naga Transmuter began the quest for the Orb.
     0 | D:1      | Reached XP level 1. HP: 18/18 MP: 3/3
   456 | D:1      | Reached XP level 2. HP: 25/25 MP: 3/5
   870 | D:1      | Reached skill level 3 in Transmutations
  1030 | D:2      | Found an ancient bone altar of Kikubaaqudgha.
  1030 | D:2      | Found a hide-covered altar of Uskayaw.
  1030 | D:2      | Found a shimmering blue altar of Sif Muna.
  1031 | D:2      | Reached XP level 3. HP: 31/31 MP: 6/6
  1037 | D:2      | Learned a level 3 spell: Spider Form
  1048 | D:2      | Found an iron altar of Okawaru.
  1240 | D:2      | Reached skill level 1 in Poison Magic
  2152 | D:2      | Reached XP level 4. HP: 11/38 MP: 7/7
  3561 | D:3      | Reached XP level 5. HP: 42/44 MP: 6/8
  4120 | D:3      | Reached skill level 4 in Transmutations
  4120 | D:3      | HP: 1/44 [gnoll (9)]
  4121 | D:3      | Slain by a gnoll

Illustrated notes

Levels and vault maps discovered:
D:1:      lightli_arrival_flooded_house, layout_rooms
D:2:      layout_rooms, grunt_temple_overflow_open,
          chequers_temple_overflow_statue_of_worship
D:3:      layout_basic, chequers_ecumenical_altar_grove, uniq_robin

Skill      XL: |  1  2  3  4  5 |
---------------+----------------+-----
Transmutations | 3 4 |  4.0
Poison Magic   | 1 2 3 |  3.0
Fighting       | |  1.0
Dodging        | |  1.5
Unarmed Combat | |  3.8
Spellcasting   | |  2.0

Action                   |  1- 3 |  4- 6 || total
-------------------------+-------+-------++-------
Melee: Unarmed           |   105 |    63 ||   168
       Headbutt          |    12 |     4 ||    16
       Punch             |     2 |       ||     2
 Cast: Beastly Appendage |    21 |    15 ||    36
       Spider Form       |       |     5 ||     5
 Abil: Spit Poison       |    24 |    15 ||    39
  Use: Scroll            |       |     6 ||     6
Armor: Robe              |    43 |     4 ||    47
Dodge: Dodged            |    89 |    39 ||   128

Table legend: (Time is in decaauts)
 A = Elapsed time spent in this place.
 B = Non-inter-level travel time spent in this place.
 C = Inter-level travel time spent in this place.
 D = Time resting spent in this place.
 E = Time spent auto-exploring this place.
 F = Levels seen in this place.
 G = Mean time per level.
                   A        B        C        D        E       F      G
               +--------+--------+--------+--------+--------+-----+--------+
         Total |   4624 |   4559 |     65 |    954 |   3102 |   3 | 1541.3 |
       Dungeon |   4624 |   4559 |     65 |    954 |   3102 |   3 | 1541.3 |
               +--------+--------+--------+--------+--------+-----+--------+

Top non-repeatable levels by time:
     D:2: 1881 daAuts
     D:1: 1878 daAuts
     D:3: 865 daAuts
